 Dungeon Crawl Stone Soup version 0.29-a0-323-g050149af67 (webtiles) character file.

Game seed: 7299791140520340964

63 quinnr the Gusty (level 4, -1/24 HPs)
             Began as a Tengu Air Elementalist on Apr 10, 2022.
             Slain by a bullfrog (2 damage)
             ... on level 3 of the Dungeon.
             The game lasted 00:03:33 (2438 turns).

quinnr the Gusty (Tengu Air Elementalist)           Turns: 2438, Time: 00:03:34

Health: -1/24      AC:  2    Str:  7 (8)  XL:     4   Next: 10%
Magic:  7/8        EV: 12    Int: 14 (17) God:
Gold:   118        SH:  0    Dex: 13 (15) Spells: 6/7 levels left

rFire   . . .      SeeInvis .   j - staff of air
rCold   . . .      Faith    .   (no shield)
rNeg    . . .      Spirit   .   a - +0 robe
rPois   .          Reflect  .   (helmet restricted)
rElec   +          Harm     .   (no cloak)
rCorr   .          Rampage  .   (no gloves)
Will    .....                   (boots unavailable)
Stlth   ++........              (no amulet)
HPRegen 0.08/turn               (no ring)
MPRegen 0.11/turn               (no ring)

@: brilliant, hasted, very quick
A: beak, talons 3
a: no special abilities


You were on level 3 of the Dungeon.
You visited 1 branch of the dungeon, and saw 3 of its levels.

You collected 118 gold pieces.

Inventory:

Hand Weapons
 d - a +0 dagger
Armour
 a - a +0 robe (worn)
Magical Staves
 j - a staff of air (weapon)
Scrolls
 f - a scroll of blinking {unknown}
 h - a scroll of silence {unknown}
 i - a scroll of noise {unknown}
 k - a scroll of identify {unknown}
 l - a scroll of acquirement {unknown}
Potions
 b - a potion of magic
 c - a potion of degeneration


   Skills:
 - Level 2.1 Dodging
 - Level 2.0 Stealth
 - Level 2.0 Spellcasting
 - Level 1.3 Conjurations
 + Level 6.4 Air Magic


You had 6 spell levels left.
You knew the following spells:

 Your Spells              Type           Power      Damage    Failure   Level
a - Shock                 Conj/Air       100%       1d9       4%          1

Your spell library contained the following spells:

 Spells                   Type           Power      Damage    Failure   Level
 Swiftness                Air            43%        N/A       4%          3
 Static Discharge         Conj/Air       27%        N/A       7%          2
 Airstrike                Air            21%        N/A       17%         4


Dungeon Overview and Level Annotations

Branches:
Dungeon (3/15)

Altars:


Innate Abilities, Weirdness & Mutations

You have a beak for a mouth.
You have claws for feet.


Message History

An endoplasm comes into view.
The bullfrog closely misses you.
The endoplasm quivers.
You hit the endoplasm.
The endoplasm is heavily wounded.
The bullfrog snags a nearby mouse with its tongue.
The bullfrog barely misses you.
The endoplasm hits you but does no damage.
You hit the endoplasm.
The endoplasm is electrocuted.
You kill the endoplasm!
The bullfrog barely misses you. The bullfrog hits you! The bullfrog hits you.
* * * LOW HITPOINT WARNING * * *
The bullfrog attacks as you move away! The bullfrog closely misses you.
The bullfrog hits you.
* * * LOW HITPOINT WARNING * * *
Casting: Shock (safe; 3% risk of failure)
Confirm with . or Enter, or press ? or * to list all spells.
Aiming: Shock (safe; 3% risk of failure)
Press: ? - help, Shift-Dir - straight line
Okay, then.
It was a potion of degeneration.
There was something very wrong with that liquid.
You feel weakened.
You feel dopey.
You feel clumsy. The bullfrog completely misses you.
It was a potion of brilliance.
You feel clever all of a sudden. The bullfrog closely misses you.
The bullfrog barely misses you.
It was a potion of haste.
You feel yourself speed up. The bullfrog barely misses you.
Casting: Shock (safe; 4% risk of failure)
Confirm with . or Enter, or press ? or * to list all spells.
Aiming: Shock (safe; 4% risk of failure)
Press: ? - help, Shift-Dir - straight line You feel a strong surge of power!
The zap hits the bullfrog.
The bullfrog is lightly wounded.
The zap hits the bullfrog.
The bullfrog is moderately wounded.
The bullfrog hits you.
You die...

##.# ###
#... .....
#..# ...#
#..###.###.
#.<........
#..........
#.#.##.####
#.#.##.####
#.#...@F..#
#.###.###.#
#. #.# #.#
#. #.# #.#
#.# #.# .#.
#.# # # #.#
#.# #.#


You could see a bullfrog.

Vanquished Creatures
  2 adders (D:2)
  A dart slug (D:1)
  7 endoplasms
  A giant cockroach (D:2)
  4 goblins (D:1)
  3 hobgoblins
  4 kobolds
  3 quokkas
  3 ball pythons (D:2)
  8 bats
  2 rats (D:1)
38 creatures vanquished.

Notes
Turn   | Place    | Note
-------+----------+-------------------------------------------
     0 | D:1      | quinnr the Tengu Air Elementalist began the quest for the
                  | Orb.
     0 | D:1      | Reached XP level 1. HP: 10/10 MP: 4/4
   191 | D:1      | Reached XP level 2. HP: 15/15 MP: 3/6
   477 | D:1      | Reached skill level 5 in Air Magic
  1177 | D:2      | Reached XP level 3. HP: 19/19 MP: 2/7
  1592 | D:2      | Reached skill level 6 in Air Magic
  1719 | D:2      | Found a faded altar of an unknown god.
  1920 | D:2      | Reached XP level 4. HP: 10/24 MP: 2/8
  1926 | D:2      | HP: 2/24 [poisoned by an adder]
  2421 | D:3      | Noticed a bullfrog
  2434 | D:3      | HP: 1/24 [bullfrog (6)]
  2438 | D:3      | Slain by a bullfrog

Illustrated notes

Levels and vault maps discovered:
D:1:      kennysheep_arrival_seaside, layout_basic
D:2:      layout_basic, hellmonk_ecumenical_altar_zigzags
D:3:      layout_loops_ring, uniq_robin

Skill      XL: |  1  2  3 |
---------------+----------+-----
Air Magic      | 5 6 |  6.4
Dodging        | |  2.1
Stealth        | |  2.0
Spellcasting   | |  2.0
Conjurations   | |  1.3

Action                   |  1- 3 |  4- 6 || total
-------------------------+-------+-------++-------
Melee: Staff             |       |     2 ||     2
 Cast: Shock             |    70 |     7 ||    77
  Use: Potion            |       |     3 ||     3
Armor: Robe              |     2 |     2 ||     4
Dodge: Dodged            |     6 |     9 ||    15

Table legend: (Time is in decaauts)
 A = Elapsed time spent in this place.
 B = Non-inter-level travel time spent in this place.
 C = Inter-level travel time spent in this place.
 D = Time resting spent in this place.
 E = Time spent auto-exploring this place.
 F = Levels seen in this place.
 G = Mean time per level.
                   A        B        C        D        E       F      G
               +--------+--------+--------+--------+--------+-----+--------+
         Total |   2440 |   2365 |     75 |     13 |   2140 |   3 |  813.3 |
       Dungeon |   2440 |   2365 |     75 |     13 |   2140 |   3 |  813.3 |
               +--------+--------+--------+--------+--------+-----+--------+

Top non-repeatable levels by time:
     D:2: 1280 daAuts
     D:1: 1123 daAuts
     D:3: 36 daAuts
